 Dungeon Crawl Stone Soup version 0.32-a0-918-g0f22ef8d61 (webtiles) character file.

Game seed: 185614367126500220

182 BigDaddyOpFi the Trooper (level 5, -3/50 HPs)
             Began as a Naga Chaos Knight on Apr 10, 2024.
             Was a Plaything of Xom.
             Slain by a naga (17 damage)
             ... on level 3 of the Dungeon.
             The game lasted 00:03:28 (2184 turns).

BigDaddyOpFi the Trooper (Naga Chaos Knight)        Turns: 2184, Time: 00:03:29

Health: -3/50      AC:  9    Str: 14    XL:     5   Next: 61%
Magic:  5/5        EV: -1    Int: 12    God:    Xom [..*...]
Gold:   132        SH:  0    Dex: 13    Spells: 4/4 levels left

rFire   . . .        a - +0 spear (chaos)
rCold   . . .        (no shield)
rNeg    . . .        b - +2 leather armour
rPois   +            e - +2 helmet
rElec   .            i - +0 cloak
rCorr   .            (no gloves)
SInv    +            (no barding)
Will    .....        (no amulet)
Stlth   +            (no ring)
HPRegen 0.28/turn    (no ring)
MPRegen 0.09/turn

%: no passive effects
@: mighty, lethally poisoned (-3 -> -13), constricted, very slow
A: AC +1, large, see invisible, deformed body, poison resistance, slowness 2,
spit poison 1, naga tail 1
a: Spit Poison, Renounce Religion


You were on level 3 of the Dungeon.
You worshipped Xom.
You were a toy of Xom.
You visited 1 branch of the dungeon, and saw 3 of its levels.

You collected 132 gold pieces.

Inventory:

Hand Weapons
 a - a +0 spear of chaos (weapon)
Armour
 b - a +2 leather armour (worn)
 e - a +2 helmet (worn)
 i - a +0 cloak (worn)
Jewellery
 n - a ring of protection from cold
Scrolls
 c - a scroll of butterflies
 f - a scroll of fear {unknown}
 h - a scroll of teleportation {unknown}
 j - a scroll of summoning {unknown}
 k - a scroll of identify {unknown}
 m - 3 scrolls of blinking {unknown}
 o - a scroll of immolation {unknown}
Potions
 d - 2 potions of might
 g - 4 potions of mutation {unknown}
 l - a potion of cancellation {unknown}


   Skills:
 + Level 4.0 Fighting
 + Level 3.9 Polearms
 + Level 2.6 Armour
 + Level 2.1 Dodging


You had 4 spell levels left.
You didn't know any spells.
Your spell library contained the following spells:

 Spells                   Type           Power      Damage    Failure   Level
 Foxfire                  Conj/Fire      0%         2x1d4     38%         1
 Plasma Beam              Fire/Air       0%         2x1d10    100%        6
 Starburst                Conj/Fire      0%         6d3       100%        6


Dungeon Overview and Level Annotations

Branches:
Dungeon (3/15)

Altars:
Makhleb


Innate Abilities, Weirdness & Mutations

Your serpentine skin is tough. (AC +1)
You have supernaturally acute eyesight. (SInv)
Armour fits poorly on your strangely shaped body.
Your system is resistant to poisons. (rPois)
You cover ground very slowly.
You can spit poison.
You have a snake-like lower body.


Message History

You hit the ribbon worm.
The ribbon worm is lightly wounded.
You hit the ribbon worm.
The ribbon worm seems to grow stronger.
The ribbon worm is moderately wounded.
The ribbon worm tears the web.
You hit the ribbon worm.
The ribbon worm is moderately wounded.
The ribbon worm bites you!
You hit the ribbon worm.
The ribbon worm evaporates and reforms as a naga!
The naga is heavily wounded.
You closely miss the naga.
The naga is heavily wounded.
The naga hits you! The naga closely misses you.
You hit the naga.
The naga seems to grow stronger.
The naga is heavily wounded.
The naga hits you but does no damage. The naga closely misses you.
You hit the naga.
The naga is severely wounded.
The naga hits you but does no damage. The naga closely misses you.
You closely miss the naga.
The naga is severely wounded.
The naga spits poison at you. The splash of poison hits you. You resist.
You completely miss the naga.
The naga is severely wounded.
The naga hits you. The naga grabs you. The naga constricts you.
You hit the naga.
The naga convulses.
The naga is almost dead.
The naga spits poison at you.
The splash of poison hits you but does no damage.
You are poisoned.
You resist. The naga constricts you.
It was a potion of might.
You feel very mighty all of a sudden.
Xom thinks this is hilarious!
* * * LOW HITPOINT WARNING * * *
You feel very sick. The naga hits you!
You die...

#.....
#.....
###########
#####.
#.........#
#.
#.........#
##
#.........#
#
#.........#
#.........+
#....@....#
#....N....#
#.........#
########.##
..# ....
#..### #..
###


You could see a naga (strong, catching breath).

Vanquished Creatures
  2 bombardier beetles (D:3)
  4 adders
  2 dart slugs (D:1)
  8 orcs (D:3)
  2 bats (D:2)
  4 endoplasms
  3 giant cockroaches
  7 goblins
  7 hobgoblins
  5 kobolds
  4 quokkas
  9 ball pythons
  6 frilled lizards
  6 rats
69 creatures vanquished.

Notes
Turn   | Place    | Note
-------+----------+-------------------------------------------
     0 | D:1      | BigDaddyOpFi the Naga Chaos Knight began the quest for the
                  | Orb.
     0 | D:1      | Reached XP level 1. HP: 21/21 MP: 1/1
   239 | D:1      | XOM: smoke on damage
   403 | D:1      | Reached skill level 1 in Dodging
   403 | D:1      | Reached XP level 2. HP: 28/28 MP: 2/2
   662 | D:1      | Reached XP level 3. HP: 34/34 MP: 3/3
   926 | D:1      | XOM: silly message
  1230 | D:2      | XOM: god gift: dark potion {god gift}
  1322 | D:2      | Reached XP level 4. HP: 30/42 MP: 4/4
  1673 | D:2      | XOM: silly message
  1960 | D:3      | Reached XP level 5. HP: 45/50 MP: 5/5
  2038 | D:3      | Reached skill level 4 in Fighting
  2080 | D:3      | Found a burning altar of Makhleb.
  2153 | D:3      | XOM: 5-stop teleportation journey
  2177 | D:3      | a ribbon worm changed into a naga
  2177 | D:3      | Noticed a naga
  2184 | D:3      | Slain by a naga

Illustrated notes

Levels and vault maps discovered:
D:1:      matt_arrival_diagonals, layout_basic, minmay_close_crescents
D:2:      layout_loops_ring
D:3:      layout_basic, mainiacjoe_overflow_catwalk, kennysheep_jessica_study

Skill      XL: |  1  2  3  4  5 |
---------------+----------------+-----
Dodging        | 1 2 |  2.1
Armour         | 2 |  2.6
Fighting       | 4 |  4.0
Polearms       | |  3.9

Action                     |  1- 3 |  4- 6 || total
---------------------------+-------+-------++-------
  Melee: Spear             |   123 |   113 ||   236
    Use: Potion            |       |     1 ||     1
   Stab: Sleeping          |     1 |       ||     1
         Distracted        |       |     1 ||     1
 Armour: Leather armour    |    60 |    73 ||   133
  Dodge: Dodged            |    35 |    34 ||    69

Table legend: (Time is in decaauts)
 A = Elapsed time spent in this place.
 B = Non-inter-level travel time spent in this place.
 C = Inter-level travel time spent in this place.
 D = Time resting spent in this place.
 E = Time spent auto-exploring this place.
 F = Levels seen in this place.
 G = Mean time per level.
                   A        B        C        D        E       F      G
               +--------+--------+--------+--------+--------+-----+--------+
         Total |   2854 |   2794 |     60 |      0 |   2264 |   3 |  951.3 |
       Dungeon |   2854 |   2794 |     60 |      0 |   2264 |   3 |  951.3 |
               +--------+--------+--------+--------+--------+-----+--------+

Top non-repeatable levels by time:
     D:1: 1452 daAuts
     D:2: 1033 daAuts
     D:3: 368 daAuts
